Rangers vs Avalanche
(R1)
Created - December 9, 2021 at 19:09
Goals
|
| Rangers |
3 |
0 |
1 |
4 |
| Avalanche |
1 |
1 |
1 |
3 |
|
Shots
|
| Rangers |
7 |
7 |
13 |
27 |
| Avalanche |
7 |
9 |
13 |
29 |
|
1st period
1. Rangers , Sean Couturier 2 (Milan Lucic 3, Luke Schenn 1) at 4:50
2. Rangers , Sean Couturier 3 (Milan Lucic 4) at 7:42 (SH)
3. Avalanche , Mikkel Boedker 2 (Patric Hornqvist 2, Bryan Little 3) at 7:50 (PP)
4. Rangers , Patrice Bergeron 2 (Chris Bourque 3, Steve Quailer 2) at 16:43
Penalties :
Vincent Trocheck (Col) for Hooking (Minor) at 0:59, Matt Delahey (NyR) for Hooking (Minor) at 6:03, Martin Samuelsson (Col) for Hooking (Minor) at 10:19, Ryan Strome (NyR) for Hooking (Minor) at 17:00
2nd period
5. Avalanche , Patric Hornqvist 4 (Bryan Little 4, Mikkel Boedker 4) at 1:28 (PP)
Penalties :
Magnus Paajarvi (NyR) for Hooking (Minor) at 1:10, Artem Anisimov (NyR) for Hooking (Minor) at 10:02, Mikkel Boedker (Col) for Goalie Interference (Minor) at 15:22
3rd period
6. Avalanche , Marc Staal 1 (Bryan Little 5) at 3:41
7. Rangers , Milan Lucic 2 (Luke Schenn 2, Ryan Strome 2) at 13:01
Penalties :
Steve Quailer (NyR) for Hooking (Minor) at 0:42, Patric Hornqvist (Col) for Interference (Minor) at 4:57, Milan Lucic (NyR) for Roughing (Minor) at 17:10
Goalie Stats
Frederik Andersen (NyR), 26 saves from 29 shots - (0.897), W, 1-1-0, 60:00 minutes
Cam Ward (Col), 23 saves from 27 shots - (0.852), L, 1-1-1, 59:46 minutes
Players Stats for Rangers
Player Name G A P +/- PIM S H SB GA TA FO MP PP MP PK MP
------------------------------------------------------------------------------------
Artem Anisimov 0 0 0 0 2 1 0 0 0 0 2/3 8:09 0:00 0:48
Chris Bourque 0 1 1 1 0 4 2 1 0 0 0/1 16:23 3:28 1:27
Devante Smith-Pelly 0 0 0 0 0 2 3 0 1 0 0/0 8:41 0:00 0:00
Dmitry Kulikov 0 0 0 2 0 3 3 0 1 2 0/0 27:07 4:33 6:19
Jonas Brodin 0 0 0 1 0 0 0 1 0 0 0/0 12:22 0:00 1:02
Luke Schenn 0 2 2 2 0 2 2 1 0 1 0/0 27:07 4:33 6:19
Magnus Paajarvi 0 0 0 0 2 1 0 0 0 0 0/0 7:59 0:00 0:55
Matt Delahey 0 0 0 0 2 1 0 0 1 0 0/0 20:30 3:23 2:40
Milan Lucic 1 2 3 2 2 3 3 0 0 1 7/14 23:13 4:28 4:15
Morgan Ellis 0 0 0 1 0 0 2 0 0 1 0/0 11:20 0:00 0:00
Patrice Bergeron 1 0 1 1 0 3 1 0 1 0 5/10 18:30 3:28 2:34
Patrik Nemeth 0 0 0 0 0 0 0 3 0 1 0/0 21:33 3:23 3:42
Richard Panik 0 0 0 0 0 0 2 0 0 0 0/0 7:30 0:00 0:00
Ryan Strome 0 1 1 1 2 0 2 0 2 0 2/3 19:53 4:28 0:00
Sean Couturier 2 0 2 2 0 3 2 1 0 1 13/28 23:13 4:28 5:07
Steve Quailer 0 1 1 1 2 2 1 0 0 0 0/0 14:55 3:28 0:00
T.J Galiardi 0 0 0 0 0 1 0 0 0 0 0/1 9:41 0:00 1:54
Tomas Hertl 0 0 0 0 0 1 1 0 0 0 3/4 11:47 0:00 3:02
Players Stats for Avalanche
Player Name G A P +/- PIM S H SB GA TA FO MP PP MP PK MP
------------------------------------------------------------------------------------
Bryan Little 0 3 3 0 0 4 0 0 0 0 20/33 21:16 5:20 2:56
Charlie Coyle 0 0 0 -1 0 3 1 0 0 0 6/13 19:10 4:41 1:41
Colten Teubert 0 0 0 0 0 0 0 0 0 0 0/0 9:45 0:00 0:00
Erik Karlsson 0 0 0 -3 0 2 1 1 0 2 0/0 19:58 3:51 2:55
Evgeny Dadonov 0 0 0 -1 0 0 0 0 0 0 0/0 17:28 4:41 0:00
Jack Johnson 0 0 0 0 0 4 1 2 0 2 0/0 30:17 6:10 5:01
James Van Riemsdyk 0 0 0 -1 0 1 0 0 0 0 0/0 9:21 0:00 1:31
Jarred Tinordi 0 0 0 0 0 0 1 1 0 0 0/0 9:45 0:00 0:00
Kyle Turris 0 0 0 -1 0 0 1 2 0 0 0/1 8:01 0:00 0:00
Luke Witkowski 0 0 0 -1 0 1 1 0 0 1 0/0 7:50 0:00 0:00
Marc Staal 1 0 1 0 0 3 0 0 1 1 0/0 30:17 6:10 5:01
Martin Samuelsson 0 0 0 -1 2 1 1 1 0 0 1/1 9:46 0:00 0:49
Mattias Ekholm 0 0 0 -3 0 0 1 1 0 0 0/0 19:58 3:51 2:55
Mikkel Boedker 1 1 2 0 2 6 4 2 1 0 3/8 21:45 5:20 3:34
Nick Cousins 0 0 0 -1 0 0 0 1 1 0 0/0 8:01 0:00 0:00
Patric Hornqvist 1 1 2 0 2 1 0 1 3 0 1/2 21:43 5:20 3:25
Tomas Fleischmann 0 0 0 -1 0 2 1 0 0 0 0/1 17:28 4:41 0:00
Vincent Trocheck 0 0 0 -1 2 1 1 0 1 0 1/5 10:11 0:00 1:56
3 Stars
1 - Sean Couturier (NyR)
2 - Milan Lucic (NyR)
3 - Luke Schenn (NyR)
Power Play
Rangers - 0 on 4 Attempt(s) - 0.00%
Avalanche - 2 on 6 Attempt(s) - 33.33%
Penalty Kill
Rangers - 4 on 6 Attempt(s) - 66.67%
- Score 1 goal in Penalty Kill
Avalanche - 4 on 4 Attempt(s) - 100.00%
- Score 0 goal in Penalty Kill
Team Stat
Rangers - Hits : 24 - Faceoff Wins : 32 - Blocked Shots : 7 - Penalty Minutes : 12
Avalanche - Hits : 14 - Faceoff Wins : 32 - Blocked Shots : 12 - Penalty Minutes : 8
Official
Referees : Kevin Pollock and Justin St. Pierre
Linesman : Ryan Daisy and Pierre Racicot
Game Notes
5:12 of 3rd period - Rangers goal is going for a video replay. After video review, No Goal. The net was displaced accidentally.
Finance
Level 1 -- Attendance: 6000 (100.00%) -- Ticket Income $600,000
Level 2 -- Attendance: 5000 (100.00%) -- Ticket Income $300,000
Level 3 -- Attendance: 2000 (100.00%) -- Ticket Income $70,000
Level 4 -- Attendance: 3905 (97.63%) -- Ticket Income $97,625
Luxury Box -- Attendance: 886 (88.60%) -- Ticket Income $177,200
Game was played at the Pepsi Center.
Total Attendance: 17791 (98.84%)
Total Ticket Income: $1,244,825
Other Income: $186,724
Total Income: $1,431,549
Rangers
5 vs 5 Forward
Center Left Wing Right Wing Time % Phy DF OF
1 Sean Couturier Milan Lucic Ryan Strome 40 1 2 2
2 Patrice Bergeron Chris Bourque Steve Quailer 30 1 2 2
3 Tomas Hertl T.J Galiardi Devante Smith-Pelly 20 1 2 2
4 Artem Anisimov Magnus Paajarvi Richard Panik 10 1 2 2
5 vs 5 Defense
Defense Defense Time % Phy DF OF
1 Luke Schenn Dmitry Kulikov 40 1 2 2
2 Patrik Nemeth Matt Delahey 30 1 2 2
3 Morgan Ellis Jonas Brodin 20 1 2 2
4 Luke Schenn Dmitry Kulikov 10 1 2 2
PowerPlay Forward
Center Left Wing Right Wing Time % Phy DF OF
1 Sean Couturier Milan Lucic Ryan Strome 60 1 2 2
2 Patrice Bergeron Chris Bourque Steve Quailer 40 1 2 2
PowerPlay Defense
Defense Defense Time % Phy DF OF
1 Luke Schenn Dmitry Kulikov 60 1 2 2
2 Patrik Nemeth Matt Delahey 40 1 2 2
Penalty Kill 4 Players Forward
Center Wing Time % Phy DF OF
1 Milan Lucic Sean Couturier 60 1 2 2
2 Patrice Bergeron Tomas Hertl 40 1 2 2
Penalty Kill 4 Players Defense
Defense Defense Time % Phy DF OF
1 Luke Schenn Dmitry Kulikov 60 1 2 2
2 Patrik Nemeth Matt Delahey 40 1 2 2
Penalty Kill - 3 Players Forward
Forward Time % Phy DF OF
1 Milan Lucic 60 1 2 2
2 Sean Couturier 40 1 2 2
Penalty Kill - 3 Players Defense
Defense Defense Time % Phy DF OF
1 Luke Schenn Dmitry Kulikov 60 1 2 2
2 Patrik Nemeth Matt Delahey 40 1 2 2
4 vs 4 Forward
Center Wing Time % Phy DF OF
1 Milan Lucic Sean Couturier 60 1 2 2
2 Patrice Bergeron Tomas Hertl 40 1 2 2
4 vs 4 Defense
Defense Defense Time % Phy DF OF
1 Luke Schenn Dmitry Kulikov 60 1 2 2
2 Patrik Nemeth Matt Delahey 40 1 2 2
Last Minutes Offensive
Center Left Wing Right Wing Defense Defense
Sean Couturier Milan Lucic Ryan Strome Luke Schenn Dmitry Kulikov
Last Minutes Defensive
Center Left Wing Right Wing Defense Defense
Sean Couturier Milan Lucic Ryan Strome Luke Schenn Dmitry Kulikov
Goaltenders
Starting : Frederik Andersen
Backup : Harru Sateri
Extra Forwards
Normal : Devante Smith-Pelly, Richard Panik, T.J Galiardi - PP : Devante Smith-Pelly, Richard Panik - PK : T.J Galiardi
Extra Defensemen
Normal : Morgan Ellis, Jonas Brodin, Patrik Nemeth - PP : Morgan Ellis - PK : Jonas Brodin, Patrik Nemeth
Penalty Shots
Milan Lucic, Sean Couturier, Patrice Bergeron, Tomas Hertl, Ryan Strome
Scratches
Brett Ponich (Healthy)
Avalanche
5 vs 5 Forward
Center Left Wing Right Wing Time % Phy DF OF
1 Bryan Little Mikkel Boedker Patric Hornqvist 40 1 2 2
2 Charlie Coyle Tomas Fleischmann Evgeny Dadonov 30 1 2 2
3 Vincent Trocheck James Van Riemsdyk Luke Witkowski 20 1 2 2
4 Kyle Turris Martin Samuelsson Nick Cousins 10 1 2 2
5 vs 5 Defense
Defense Defense Time % Phy DF OF
1 Jack Johnson Marc Staal 40 1 2 2
2 Erik Karlsson Mattias Ekholm 30 1 2 2
3 Colten Teubert Jarred Tinordi 20 1 2 2
4 Jack Johnson Marc Staal 10 1 2 2
PowerPlay Forward
Center Left Wing Right Wing Time % Phy DF OF
1 Bryan Little Mikkel Boedker Patric Hornqvist 60 1 2 2
2 Charlie Coyle Tomas Fleischmann Evgeny Dadonov 40 1 2 2
PowerPlay Defense
Defense Defense Time % Phy DF OF
1 Jack Johnson Marc Staal 60 1 2 2
2 Erik Karlsson Mattias Ekholm 40 1 2 2
Penalty Kill 4 Players Forward
Center Wing Time % Phy DF OF
1 Mikkel Boedker Patric Hornqvist 60 1 2 2
2 Bryan Little Charlie Coyle 40 1 2 2
Penalty Kill 4 Players Defense
Defense Defense Time % Phy DF OF
1 Jack Johnson Marc Staal 60 1 2 2
2 Erik Karlsson Mattias Ekholm 40 1 2 2
Penalty Kill - 3 Players Forward
Forward Time % Phy DF OF
1 Mikkel Boedker 60 1 2 2
2 Patric Hornqvist 40 1 2 2
Penalty Kill - 3 Players Defense
Defense Defense Time % Phy DF OF
1 Jack Johnson Marc Staal 60 1 2 2
2 Erik Karlsson Mattias Ekholm 40 1 2 2
4 vs 4 Forward
Center Wing Time % Phy DF OF
1 Mikkel Boedker Patric Hornqvist 60 1 2 2
2 Bryan Little Charlie Coyle 40 1 2 2
4 vs 4 Defense
Defense Defense Time % Phy DF OF
1 Jack Johnson Marc Staal 60 1 2 2
2 Erik Karlsson Mattias Ekholm 40 1 2 2
Last Minutes Offensive
Center Left Wing Right Wing Defense Defense
Bryan Little Mikkel Boedker Patric Hornqvist Jack Johnson Marc Staal
Last Minutes Defensive
Center Left Wing Right Wing Defense Defense
Bryan Little Mikkel Boedker Patric Hornqvist Jack Johnson Marc Staal
Goaltenders
Starting : Cam Ward
Backup : Semyon Varlamov
Extra Forwards
Normal : Luke Witkowski, James Van Riemsdyk, Vincent Trocheck - PP : Luke Witkowski, James Van Riemsdyk - PK : Vincent Trocheck
Extra Defensemen
Normal : Colten Teubert, Jarred Tinordi, Erik Karlsson - PP : Colten Teubert - PK : Jarred Tinordi, Erik Karlsson
Penalty Shots
Mikkel Boedker, Patric Hornqvist, Bryan Little, Charlie Coyle, Evgeny Dadonov
Scratches
None
% Time on Ice - Rangers
Lines # - Real PCT - Wanted PCT - Time Play
Normal Forward
1 - 33% - 40% - 13:49
2 - 30% - 30% - 12:28
3 - 19% - 20% - 7:42
4 - 18% - 10% - 7:19
Normal Defense
1 - 36% - 40% - 14:55
2 - 35% - 30% - 14:28
3 - 26% - 20% - 10:35
4 - 3% - 10% - 1:20
PP Forward
1 - 56% - 60% - 4:28
2 - 44% - 40% - 3:28
PP Defense
1 - 57% - 60% - 4:33
2 - 43% - 40% - 3:23
PK Forward
1 - 75% - 60% - 7:30
2 - 25% - 40% - 2:31
PK Defense
1 - 63% - 60% - 6:19
2 - 37% - 40% - 3:42
PK3 Forward
1 - 0% - 60%
2 - 0% - 40%
PK3 Defense
1 - 0% - 60%
2 - 0% - 40%
44 Forward
1 - 0% - 60%
2 - 0% - 40%
44 Defense
1 - 0% - 60%
2 - 0% - 40%
Last Minute Offensive - 0:00
Last Minute Defensive - 0:45
Total
Forward - 60:00
Defense - 60:00
|
% Time on Ice - Avalanche
Lines # - Real PCT - Wanted PCT - Time Play
Normal Forward
1 - 31% - 40% - 12:36
2 - 31% - 30% - 12:48
3 - 19% - 20% - 7:50
4 - 19% - 10% - 8:01
Normal Defense
1 - 42% - 40% - 17:28
2 - 32% - 30% - 13:12
3 - 24% - 20% - 9:45
4 - 2% - 10% - 0:50
PP Forward
1 - 53% - 60% - 5:20
2 - 47% - 40% - 4:41
PP Defense
1 - 62% - 60% - 6:10
2 - 38% - 40% - 3:51
PK Forward
1 - 81% - 60% - 6:24
2 - 19% - 40% - 1:32
PK Defense
1 - 63% - 60% - 5:01
2 - 37% - 40% - 2:55
PK3 Forward
1 - 0% - 60%
2 - 0% - 40%
PK3 Defense
1 - 0% - 60%
2 - 0% - 40%
44 Forward
1 - 0% - 60%
2 - 0% - 40%
44 Defense
1 - 0% - 60%
2 - 0% - 40%
Last Minute Offensive - 0:48
Last Minute Defensive - 0:00
Total
Forward - 60:00
Defense - 60:00
|
Play-by-Play
1st period
0:01 of 1st period - Sean Couturier wins face-off versus Bryan Little in neutral zone.
0:27 of 1st period - Steve Quailer is hit by Tomas Fleischmann and loses puck.
0:59 of 1st period - Minor Penalty to Vincent Trocheck for Hooking.
1:00 of 1st period - Mikkel Boedker wins face-off versus Sean Couturier in Avalanche zone.
2:09 of 1st period - Icing by Dmitry Kulikov.
2:10 of 1st period - Mikkel Boedker wins face-off versus Patrice Bergeron in Rangers zone.
2:19 of 1st period - Wrist shot by Milan Lucic.
2:19 of 1st period - Deflect By Sean Couturier.
2:19 of 1st period - Shot Blocked by Erik Karlsson.
2:19 of 1st period - Puck is out of play.
2:20 of 1st period - Bryan Little wins face-off versus Sean Couturier in Avalanche zone.
2:59 of 1st period - Penalty to Vincent Trocheck is over, Vincent Trocheck is back on ice.
3:11 of 1st period - Jack Johnson is hit by Richard Panik.
3:49 of 1st period - Mikkel Boedker is hit by Milan Lucic and loses puck.
4:26 of 1st period - Wrist shot by Charlie Coyle.
4:26 of 1st period - Shot Misses the Net.
4:28 of 1st period - Slapshot by Colten Teubert.
4:28 of 1st period - Shot Blocked by Luke Schenn.
4:50 of 1st period - Wrist shot by Sean Couturier.
4:50 of 1st period - Goal by Sean Couturier - Rangers : 1 - Avalanche : 0.
4:51 of 1st period - Sean Couturier wins face-off versus Bryan Little in neutral zone.
5:16 of 1st period - Evgeny Dadonov is hit by Chris Bourque and loses puck.
5:27 of 1st period - Slapshot by Patrice Bergeron.
5:27 of 1st period - Stopped by Cam Ward without a rebound.
5:28 of 1st period - Bryan Little wins face-off versus Sean Couturier in Avalanche zone.
5:58 of 1st period - Wrist shot by Evgeny Dadonov.
5:58 of 1st period - Deflect By Tomas Fleischmann.
5:58 of 1st period - Shot Misses the Net.
5:58 of 1st period - Puck is out of play.
5:59 of 1st period - Charlie Coyle wins face-off versus Sean Couturier in Rangers zone.
6:03 of 1st period - Minor Penalty to Matt Delahey for Hooking.
6:04 of 1st period - Milan Lucic wins face-off versus Bryan Little in Rangers zone.
6:16 of 1st period - Snap shot by Bryan Little.
6:16 of 1st period - Shot Misses the Net.
6:34 of 1st period - Snap shot by Sean Couturier.
6:34 of 1st period - Deflect By Patrice Bergeron.
6:34 of 1st period - Shot Misses the Net.
6:34 of 1st period - Puck is out of play.
6:35 of 1st period - Patrice Bergeron wins face-off versus Charlie Coyle in Avalanche zone.
7:16 of 1st period - Snap shot by Tomas Fleischmann.
7:16 of 1st period - Shot Misses the Net.
7:18 of 1st period - Slapshot by Jack Johnson.
7:18 of 1st period - Shot Blocked by Patrik Nemeth.
7:30 of 1st period - Wrist shot by Evgeny Dadonov.
7:30 of 1st period - Shot Blocked by Jonas Brodin.
7:32 of 1st period - Snap shot by Jack Johnson.
7:32 of 1st period - Deflect By Patrice Bergeron.
7:32 of 1st period - Stopped by Frederik Andersen without a rebound.
7:33 of 1st period - Milan Lucic wins face-off versus Bryan Little in Rangers zone.
7:42 of 1st period - Wrist shot by Sean Couturier.
7:42 of 1st period - Goal by Sean Couturier - Rangers : 2 - Avalanche : 0.
7:43 of 1st period - Bryan Little wins face-off versus Milan Lucic in neutral zone.
7:50 of 1st period - Snap shot by Mikkel Boedker.
7:50 of 1st period - Goal by Mikkel Boedker - Rangers : 2 - Avalanche : 1.
7:51 of 1st period - Bryan Little wins face-off versus Milan Lucic in neutral zone.
8:02 of 1st period - Snap shot by Sean Couturier.
8:02 of 1st period - Shot Misses the Net.
8:08 of 1st period - Mikkel Boedker is hit by Milan Lucic and loses puck.
8:26 of 1st period - Off-side.
8:27 of 1st period - Patrice Bergeron wins face-off versus Charlie Coyle in neutral zone.
8:34 of 1st period - Snap shot by Steve Quailer.
8:34 of 1st period - Stopped by Cam Ward without a rebound.
8:35 of 1st period - Charlie Coyle wins face-off versus Patrice Bergeron in Avalanche zone.
8:40 of 1st period - Slapshot by Erik Karlsson.
8:40 of 1st period - Deflect By Charlie Coyle.
8:40 of 1st period - Stopped by Frederik Andersen without a rebound.
8:41 of 1st period - Bryan Little wins face-off versus Sean Couturier in Rangers zone.
10:13 of 1st period - Mattias Ekholm is hit by Sean Couturier and loses puck.
10:19 of 1st period - Minor Penalty to Martin Samuelsson for Hooking.
10:20 of 1st period - Milan Lucic wins face-off versus Mikkel Boedker in Avalanche zone.
11:18 of 1st period - Snap shot by Charlie Coyle.
11:18 of 1st period - Shot Blocked by Patrik Nemeth.
11:20 of 1st period - Snap shot by Jack Johnson.
11:20 of 1st period - Stopped by Frederik Andersen without a rebound.
11:21 of 1st period - Patrice Bergeron wins face-off versus Mikkel Boedker in Rangers zone.
11:32 of 1st period - Snap shot by Patrice Bergeron.
11:32 of 1st period - Deflect By Steve Quailer.
11:32 of 1st period - Shot Blocked by Patric Hornqvist.
11:32 of 1st period - Puck is out of play.
11:33 of 1st period - Sean Couturier wins face-off versus Mikkel Boedker in Avalanche zone.
12:19 of 1st period - Penalty to Martin Samuelsson is over, Martin Samuelsson is back on ice.
13:29 of 1st period - Snap shot by Devante Smith-Pelly.
13:29 of 1st period - Shot Misses the Net.
13:31 of 1st period - Slapshot by Morgan Ellis.
13:31 of 1st period - Shot Blocked by Mikkel Boedker.
13:33 of 1st period - Wrist shot by Devante Smith-Pelly.
13:33 of 1st period - Stopped by Cam Ward without a rebound.
13:34 of 1st period - Tomas Hertl wins face-off versus Tomas Fleischmann in Avalanche zone.
13:50 of 1st period - Slapshot by Dmitry Kulikov.
13:50 of 1st period - Stopped by Cam Ward without a rebound.
13:51 of 1st period - Sean Couturier wins face-off versus Bryan Little in Avalanche zone.
14:04 of 1st period - Wrist shot by Bryan Little.
14:04 of 1st period - Shot Misses the Net.
14:08 of 1st period - Slapshot by Bryan Little.
14:08 of 1st period - Stopped by Frederik Andersen with a rebound.
16:03 of 1st period - Erik Karlsson is hit by Morgan Ellis and loses puck.
16:20 of 1st period - Charlie Coyle is hit by Morgan Ellis and loses puck.
16:43 of 1st period - Slapshot by Patrice Bergeron.
16:43 of 1st period - Goal by Patrice Bergeron - Rangers : 3 - Avalanche : 1.
16:44 of 1st period - Bryan Little wins face-off versus Sean Couturier in neutral zone.
16:44 of 1st period - Jack Johnson is hit by Ryan Strome.
16:52 of 1st period - Sean Couturier is hit by Mikkel Boedker and loses puck.
17:00 of 1st period - Minor Penalty to Ryan Strome for Hooking.
17:01 of 1st period - Milan Lucic wins face-off versus Bryan Little in Rangers zone.
17:18 of 1st period - Wrist shot by Marc Staal.
17:18 of 1st period - Deflect By Milan Lucic.
17:18 of 1st period - Stopped by Frederik Andersen with a rebound.
17:36 of 1st period - Slapshot by Marc Staal.
17:36 of 1st period - Stopped by Frederik Andersen without a rebound.
17:37 of 1st period - Charlie Coyle wins face-off versus Milan Lucic in Rangers zone.
18:44 of 1st period - Evgeny Dadonov is hit by Luke Schenn and loses puck.
19:00 of 1st period - Penalty to Ryan Strome is over, Ryan Strome is back on ice.
19:39 of 1st period - Ryan Strome is hit by Jarred Tinordi and loses puck.
Goals for this period are 3 for Rangers vs 1 for Avalanche.
Shots for this period are 7 for Rangers vs 7 for Avalanche.
2nd period
0:01 of 2nd period - Bryan Little wins face-off versus Sean Couturier in neutral zone.
0:12 of 2nd period - Wrist shot by Bryan Little.
0:12 of 2nd period - Stopped by Frederik Andersen with a rebound.
0:35 of 2nd period - Snap shot by Tomas Hertl.
0:35 of 2nd period - Stopped by Cam Ward with a rebound.
0:37 of 2nd period - Snap shot by Devante Smith-Pelly.
0:37 of 2nd period - Stopped by Cam Ward with a rebound.
0:47 of 2nd period - Snap shot by Artem Anisimov.
0:47 of 2nd period - Stopped by Cam Ward without a rebound.
0:48 of 2nd period - Artem Anisimov wins face-off versus Vincent Trocheck in Avalanche zone.
1:10 of 2nd period - Minor Penalty to Magnus Paajarvi for Hooking.
1:11 of 2nd period - Mikkel Boedker wins face-off versus Milan Lucic in Rangers zone.
1:20 of 2nd period - Wrist shot by Patric Hornqvist.
1:20 of 2nd period - Shot Misses the Net.
1:22 of 2nd period - Snap shot by Bryan Little.
1:22 of 2nd period - Shot Misses the Net.
1:26 of 2nd period - Wrist shot by Bryan Little.
1:26 of 2nd period - Deflect By Sean Couturier.
1:26 of 2nd period - Stopped by Frederik Andersen with a rebound.
1:28 of 2nd period - Wrist shot by Patric Hornqvist.
1:28 of 2nd period - Goal by Patric Hornqvist - Rangers : 3 - Avalanche : 2.
1:29 of 2nd period - Sean Couturier wins face-off versus Bryan Little in neutral zone.
1:32 of 2nd period - Snap shot by Dmitry Kulikov.
1:32 of 2nd period - Stopped by Cam Ward with a rebound.
2:00 of 2nd period - Off-side.
2:01 of 2nd period - Charlie Coyle wins face-off versus Tomas Hertl in neutral zone.
2:20 of 2nd period - Snap shot by Charlie Coyle.
2:20 of 2nd period - Stopped by Frederik Andersen without a rebound.
2:21 of 2nd period - Milan Lucic wins face-off versus Bryan Little in Rangers zone.
2:30 of 2nd period - Snap shot by Sean Couturier.
2:30 of 2nd period - Stopped by Cam Ward with a rebound.
2:46 of 2nd period - Jack Johnson is hit by Luke Schenn and loses puck.
3:21 of 2nd period - Wrist shot by Tomas Fleischmann.
3:21 of 2nd period - Stopped by Frederik Andersen without a rebound.
3:22 of 2nd period - Bryan Little wins face-off versus Milan Lucic in Rangers zone.
3:23 of 2nd period - Snap shot by Mikkel Boedker.
3:23 of 2nd period - Shot Misses the Net.
3:39 of 2nd period - Wrist shot by Bryan Little.
3:39 of 2nd period - Shot Misses the Net.
4:41 of 2nd period - Off-side.
4:42 of 2nd period - Charlie Coyle wins face-off versus Chris Bourque in neutral zone.
4:47 of 2nd period - Matt Delahey is hit by Charlie Coyle and loses puck.
5:57 of 2nd period - Wrist shot by Patrice Bergeron.
5:57 of 2nd period - Deflect By Chris Bourque.
5:57 of 2nd period - Shot Blocked by Martin Samuelsson.
5:57 of 2nd period - Puck is out of play.
5:58 of 2nd period - Patrice Bergeron wins face-off versus Kyle Turris in Avalanche zone.
7:27 of 2nd period - Chris Bourque is hit by Kyle Turris and loses puck.
8:27 of 2nd period - Martin Samuelsson is hit by Patrice Bergeron and loses puck.
8:53 of 2nd period - Slapshot by Patrik Nemeth.
8:53 of 2nd period - Shot Blocked by Jarred Tinordi.
8:55 of 2nd period - Wrist shot by Chris Bourque.
8:55 of 2nd period - Stopped by Cam Ward without a rebound.
8:56 of 2nd period - Sean Couturier wins face-off versus Bryan Little in Avalanche zone.
9:08 of 2nd period - Snap shot by Patric Hornqvist.
9:08 of 2nd period - Shot Misses the Net.
9:10 of 2nd period - Snap shot by Mikkel Boedker.
9:10 of 2nd period - Stopped by Frederik Andersen without a rebound.
9:11 of 2nd period - Bryan Little wins face-off versus Sean Couturier in Rangers zone.
9:58 of 2nd period - Slapshot by Vincent Trocheck.
9:58 of 2nd period - Stopped by Frederik Andersen without a rebound.
9:59 of 2nd period - Vincent Trocheck wins face-off versus Artem Anisimov in Rangers zone.
10:00 of 2nd period - Snap shot by Luke Witkowski.
10:00 of 2nd period - Stopped by Frederik Andersen with a rebound.
10:02 of 2nd period - Minor Penalty to Artem Anisimov for Hooking.
10:03 of 2nd period - Bryan Little wins face-off versus Milan Lucic in Rangers zone.
10:14 of 2nd period - Mikkel Boedker is hit by Milan Lucic and loses puck.
11:39 of 2nd period - Tomas Hertl is hit by Jack Johnson and loses puck.
12:02 of 2nd period - Penalty to Artem Anisimov is over, Artem Anisimov is back on ice.
12:18 of 2nd period - Artem Anisimov is hit by Luke Witkowski and loses puck.
13:28 of 2nd period - Martin Samuelsson is hit by Dmitry Kulikov.
14:08 of 2nd period - Marc Staal is hit by Ryan Strome and loses puck.
14:23 of 2nd period - Milan Lucic is hit by Mattias Ekholm.
14:33 of 2nd period - Martin Samuelsson is hit by Steve Quailer and loses puck.
14:38 of 2nd period - Slapshot by Chris Bourque.
14:38 of 2nd period - Stopped by Cam Ward with a rebound.
14:54 of 2nd period - Mattias Ekholm is hit by Devante Smith-Pelly and loses puck.
15:07 of 2nd period - Jack Johnson is hit by Richard Panik and loses puck.
15:22 of 2nd period - Minor Penalty to Mikkel Boedker for Goalie Interference.
15:23 of 2nd period - Sean Couturier wins face-off versus Vincent Trocheck in Avalanche zone.
15:30 of 2nd period - Snap shot by Milan Lucic.
15:30 of 2nd period - Deflect By Ryan Strome.
15:30 of 2nd period - Shot Blocked by Jack Johnson.
15:30 of 2nd period - Puck is out of play.
15:31 of 2nd period - Sean Couturier wins face-off versus Vincent Trocheck in Avalanche zone.
17:09 of 2nd period - Icing by Sean Couturier.
17:10 of 2nd period - Ryan Strome wins face-off versus Vincent Trocheck in Rangers zone.
17:10 of 2nd period - Ryan Strome is hit by Martin Samuelsson.
17:22 of 2nd period - Penalty to Mikkel Boedker is over, Mikkel Boedker is back on ice.
17:36 of 2nd period - Erik Karlsson is hit by Tomas Hertl.
17:53 of 2nd period - Off-side.
17:54 of 2nd period - Artem Anisimov wins face-off versus Charlie Coyle in neutral zone.
18:26 of 2nd period - Wrist shot by Richard Panik.
18:26 of 2nd period - Shot Misses the Net.
19:42 of 2nd period - Snap shot by Evgeny Dadonov.
19:42 of 2nd period - Shot Misses the Net.
19:44 of 2nd period - Wrist shot by Tomas Fleischmann.
19:44 of 2nd period - Stopped by Frederik Andersen without a rebound.
19:45 of 2nd period - Bryan Little wins face-off versus Sean Couturier in Rangers zone.
19:56 of 2nd period - Snap shot by Ryan Strome.
19:56 of 2nd period - Shot Misses the Net.
Goals for this period are 0 for Rangers vs 1 for Avalanche.
Shots for this period are 7 for Rangers vs 9 for Avalanche.
3rd period
0:01 of 3rd period - Sean Couturier wins face-off versus Bryan Little in neutral zone.
0:30 of 3rd period - Snap shot by James Van Riemsdyk.
0:30 of 3rd period - Stopped by Frederik Andersen with a rebound.
0:32 of 3rd period - Slapshot by Jack Johnson.
0:32 of 3rd period - Stopped by Frederik Andersen with a rebound.
0:34 of 3rd period - Wrist shot by Vincent Trocheck.
0:34 of 3rd period - Shot Misses the Net.
0:36 of 3rd period - Slapshot by Jack Johnson.
0:36 of 3rd period - Deflect By Chris Bourque.
0:36 of 3rd period - Stopped by Frederik Andersen with a rebound.
0:42 of 3rd period - Minor Penalty to Steve Quailer for Hooking.
0:43 of 3rd period - Bryan Little wins face-off versus Milan Lucic in Rangers zone.
2:38 of 3rd period - Icing by Mattias Ekholm.
2:39 of 3rd period - Milan Lucic wins face-off versus Charlie Coyle in Avalanche zone.
2:42 of 3rd period - Penalty to Steve Quailer is over, Steve Quailer is back on ice.
3:00 of 3rd period - Matt Delahey is hit by Vincent Trocheck and loses puck.
3:25 of 3rd period - Wrist shot by Chris Bourque.
3:25 of 3rd period - Stopped by Cam Ward without a rebound.
3:26 of 3rd period - Milan Lucic wins face-off versus Bryan Little in Avalanche zone.
3:31 of 3rd period - Snap shot by Milan Lucic.
3:31 of 3rd period - Stopped by Cam Ward without a rebound.
3:32 of 3rd period - Bryan Little wins face-off versus Sean Couturier in Avalanche zone.
3:41 of 3rd period - Snap shot by Marc Staal.
3:41 of 3rd period - Goal by Marc Staal - Rangers : 3 - Avalanche : 3.
3:42 of 3rd period - Ryan Strome wins face-off versus Bryan Little in neutral zone.
3:51 of 3rd period - Snap shot by Mikkel Boedker.
3:51 of 3rd period - Shot Misses the Net.
3:53 of 3rd period - Wrist shot by Mikkel Boedker.
3:53 of 3rd period - Stopped by Frederik Andersen without a rebound.
3:54 of 3rd period - Bryan Little wins face-off versus Sean Couturier in Rangers zone.
3:55 of 3rd period - Snap shot by Mikkel Boedker.
3:55 of 3rd period - Stopped by Frederik Andersen with a rebound.
4:00 of 3rd period - Off-side.
4:01 of 3rd period - Sean Couturier wins face-off versus Bryan Little in neutral zone.
4:06 of 3rd period - Wrist shot by Milan Lucic.
4:06 of 3rd period - Shot Misses the Net.
4:12 of 3rd period - Bryan Little is hit by Dmitry Kulikov and loses puck.
4:54 of 3rd period - Slapshot by Magnus Paajarvi.
4:54 of 3rd period - Stopped by Cam Ward without a rebound.
4:55 of 3rd period - Bryan Little wins face-off versus Sean Couturier in Avalanche zone.
4:57 of 3rd period - Minor Penalty to Patric Hornqvist for Interference.
4:58 of 3rd period - Sean Couturier wins face-off versus Mikkel Boedker in Avalanche zone.
5:08 of 3rd period - Slapshot by Luke Schenn.
5:08 of 3rd period - Shot Misses the Net.
5:10 of 3rd period - Slapshot by Dmitry Kulikov.
5:10 of 3rd period - Stopped by Cam Ward with a rebound.
5:12 of 3rd period - Slapshot by Luke Schenn.
5:12 of 3rd period - Rangers goal is going for a video replay.
5:12 of 3rd period - The goal is refused. The net was displaced accidentally..
5:13 of 3rd period - Sean Couturier wins face-off versus Mikkel Boedker in Avalanche zone.
6:57 of 3rd period - Penalty to Patric Hornqvist is over, Patric Hornqvist is back on ice.
7:28 of 3rd period - Wrist shot by Martin Samuelsson.
7:28 of 3rd period - Stopped by Frederik Andersen without a rebound.
7:29 of 3rd period - Tomas Hertl wins face-off versus Charlie Coyle in Rangers zone.
7:40 of 3rd period - Wrist shot by Charlie Coyle.
7:40 of 3rd period - Stopped by Frederik Andersen without a rebound.
7:41 of 3rd period - Sean Couturier wins face-off versus Charlie Coyle in Rangers zone.
8:17 of 3rd period - Wrist shot by Milan Lucic.
8:17 of 3rd period - Shot Misses the Net.
8:29 of 3rd period - Milan Lucic is hit by Mikkel Boedker and loses puck.
8:46 of 3rd period - Wrist shot by Erik Karlsson.
8:46 of 3rd period - Stopped by Frederik Andersen with a rebound.
9:07 of 3rd period - Slapshot by Steve Quailer.
9:07 of 3rd period - Stopped by Cam Ward with a rebound.
9:16 of 3rd period - Icing by Marc Staal.
9:17 of 3rd period - Tomas Hertl wins face-off versus Charlie Coyle in Avalanche zone.
9:32 of 3rd period - Snap shot by T.J Galiardi.
9:32 of 3rd period - Stopped by Cam Ward with a rebound.
10:10 of 3rd period - Slapshot by Patrice Bergeron.
10:10 of 3rd period - Deflect By Chris Bourque.
10:10 of 3rd period - Shot Blocked by Jack Johnson.
10:10 of 3rd period - Puck is out of play.
10:11 of 3rd period - Patric Hornqvist wins face-off versus Patrice Bergeron in Avalanche zone.
10:11 of 3rd period - Patric Hornqvist is hit by Chris Bourque.
10:17 of 3rd period - Slapshot by Mikkel Boedker.
10:17 of 3rd period - Stopped by Frederik Andersen with a rebound.
10:38 of 3rd period - Vincent Trocheck is hit by Devante Smith-Pelly and loses puck.
12:04 of 3rd period - Snap shot by T.J Galiardi.
12:04 of 3rd period - Shot Misses the Net.
12:18 of 3rd period - Slapshot by Jonas Brodin.
12:18 of 3rd period - Shot Blocked by Mattias Ekholm.
12:20 of 3rd period - Snap shot by Milan Lucic.
12:20 of 3rd period - Deflect By Sean Couturier.
12:20 of 3rd period - Shot Blocked by Nick Cousins.
12:20 of 3rd period - Puck is out of play.
12:21 of 3rd period - Martin Samuelsson wins face-off versus Sean Couturier in Avalanche zone.
12:21 of 3rd period - Martin Samuelsson is hit by Sean Couturier.
12:35 of 3rd period - Snap shot by Nick Cousins.
12:35 of 3rd period - Shot Misses the Net.
12:45 of 3rd period - Snap shot by Martin Samuelsson.
12:45 of 3rd period - Shot Misses the Net.
12:57 of 3rd period - Slapshot by Luke Schenn.
12:57 of 3rd period - Shot Blocked by Kyle Turris.
12:59 of 3rd period - Slapshot by Luke Schenn.
12:59 of 3rd period - Shot Blocked by Kyle Turris.
13:01 of 3rd period - Backhand shot by Milan Lucic.
13:01 of 3rd period - Goal by Milan Lucic - Rangers : 4 - Avalanche : 3.
13:02 of 3rd period - Patrice Bergeron wins face-off versus Patric Hornqvist in neutral zone.
13:41 of 3rd period - Wrist shot by Chris Bourque.
13:41 of 3rd period - Stopped by Cam Ward with a rebound.
13:43 of 3rd period - Slapshot by Matt Delahey.
13:43 of 3rd period - Stopped by Cam Ward without a rebound.
13:44 of 3rd period - Bryan Little wins face-off versus Sean Couturier in Avalanche zone.
13:51 of 3rd period - Snap shot by Milan Lucic.
13:51 of 3rd period - Shot Misses the Net.
14:45 of 3rd period - Slapshot by Erik Karlsson.
14:45 of 3rd period - Stopped by Frederik Andersen without a rebound.
14:46 of 3rd period - Bryan Little wins face-off versus Sean Couturier in Rangers zone.
14:51 of 3rd period - Wrist shot by Bryan Little.
14:51 of 3rd period - Shot Blocked by Patrik Nemeth.
15:01 of 3rd period - Wrist shot by Sean Couturier.
15:01 of 3rd period - Shot Blocked by Mikkel Boedker.
15:11 of 3rd period - James Van Riemsdyk is hit by Devante Smith-Pelly and loses puck.
15:57 of 3rd period - Morgan Ellis is hit by Mikkel Boedker and loses puck.
16:06 of 3rd period - Wrist shot by Bryan Little.
16:06 of 3rd period - Shot Misses the Net.
16:20 of 3rd period - Milan Lucic is hit by Erik Karlsson and loses puck.
16:50 of 3rd period - Snap shot by Milan Lucic.
16:50 of 3rd period - Stopped by Cam Ward with a rebound.
17:02 of 3rd period - Slapshot by Luke Witkowski.
17:02 of 3rd period - Shot Misses the Net.
17:04 of 3rd period - Wrist shot by Luke Witkowski.
17:04 of 3rd period - Shot Blocked by Sean Couturier.
17:10 of 3rd period - Minor Penalty to Milan Lucic for Roughing.
17:11 of 3rd period - Bryan Little wins face-off versus Patrice Bergeron in Rangers zone.
17:12 of 3rd period - Snap shot by Mikkel Boedker.
17:12 of 3rd period - Stopped by Frederik Andersen with a rebound.
17:20 of 3rd period - Backhand shot by Luke Schenn.
17:20 of 3rd period - Stopped by Cam Ward without a rebound.
17:21 of 3rd period - Bryan Little wins face-off versus Patrice Bergeron in Avalanche zone.
17:38 of 3rd period - Snap shot by Patrice Bergeron.
17:38 of 3rd period - Stopped by Cam Ward without a rebound.
17:39 of 3rd period - Charlie Coyle wins face-off versus T.J Galiardi in Avalanche zone.
17:39 of 3rd period - Charlie Coyle is hit by Dmitry Kulikov.
18:04 of 3rd period - Dmitry Kulikov is hit by Mikkel Boedker and loses puck.
18:09 of 3rd period - Snap shot by Patric Hornqvist.
18:09 of 3rd period - Shot Blocked by Chris Bourque.
19:10 of 3rd period - Penalty to Milan Lucic is over, Milan Lucic is back on ice.
19:34 of 3rd period - Off-side.
19:35 of 3rd period - Mike Keenan call a timeout for Avalanche.
19:35 of 3rd period - Bryan Little wins face-off versus Ryan Strome in neutral zone.
19:46 of 3rd period - Avalanche, Cam Ward is pulled from the net.
19:56 of 3rd period - Slapshot by Bryan Little.
19:56 of 3rd period - Stopped by Frederik Andersen with a rebound.
Goals for this period are 1 for Rangers vs 1 for Avalanche.
Shots for this period are 13 for Rangers vs 13 for Avalanche.